 Dungeon Crawl Stone Soup version 0.29-a0-409-gd843f3a48c (webtiles) character file.

Game seed: 13326760994214969250

101 bande the Grave Robber (level 4, -3/34 HPs)
             Began as a Gnoll Wanderer on May 15, 2022.
             Slain by an ogre
             ... wielding a +0 giant club
              (11 damage)
             ... on level 3 of the Dungeon.
             The game lasted 00:05:28 (2375 turns).

bande the Grave Robber (Gnoll Wanderer)             Turns: 2375, Time: 00:05:29

Health: -3/34      AC:  9    Str: 12    XL:     4   Next: 75%
Magic:  8/8        EV:  5    Int:  9    God:
Gold:   109        SH:  0    Dex: 15    Spells: 8/9 levels left

rFire   + . .      SeeInvis .   a - +0 spear
rCold   . . .      Faith    .   (no shield)
rNeg    . . .      Spirit   .   e - +0 chain mail
rPois   .          Reflect  .   b - +0 helmet
rElec   .          Harm     .   (no cloak)
rCorr   .          Rampage  .   (no gloves)
Will    .....                   (no boots)
Stlth   ..........              (no amulet)
HPRegen 0.11/turn               f - ring of protection from fire
MPRegen 0.11/turn               (no ring)

@: no status effects
A: fangs 1, strong nose, distributed training
a: no special abilities


You were on level 3 of the Dungeon.
You visited 1 branch of the dungeon, and saw 3 of its levels.

You collected 109 gold pieces.

Inventory:

Hand Weapons
 a - a +0 spear (weapon)
Armour
 b - a +0 helmet (worn)
 e - a +0 chain mail (worn)
Jewellery
 f - a ring of protection from fire (left hand)
Potions
 d - a potion of haste {unknown}
 g - a potion of mutation {unknown}
 h - 2 potions of lignification {unknown}


   Skills:
 + Level 2.8 Fighting
 + Level 1.2 Short Blades
 + Level 1.2 Long Blades
 + Level 1.2 Axes
 + Level 1.2 Maces & Flails
 + Level 2.8 Polearms
 + Level 1.2 Staves
 + Level 1.2 Slings
 + Level 1.2 Bows
 + Level 1.2 Crossbows
 + Level 1.2 Throwing
 + Level 1.2 Armour
 + Level 1.2 Dodging
 + Level 6.1 Stealth
 + Level 1.2 Shields
 + Level 1.2 Unarmed Combat
 + Level 3.0 Spellcasting
 + Level 1.0 Conjurations
 + Level 1.0 Hexes
 + Level 1.0 Summonings
 + Level 7.1 Necromancy
 + Level 1.0 Translocations
 + Level 1.0 Transmutations
 + Level 1.0 Fire Magic
 + Level 1.0 Ice Magic
 + Level 1.0 Air Magic
 + Level 1.0 Earth Magic
 + Level 1.0 Poison Magic
 + Level 1.3 Invocations
 + Level 1.2 Evocations


You had 8 spell levels left.
You knew the following spells:

 Your Spells              Type           Power      Damage    Failure   Level
a - Animate Skeleton      Necr           28%        N/A       56%         1

Your spell library contained the following spells:

 Spells                   Type           Power      Damage    Failure   Level
 Beastly Appendage        Tmut           6%         N/A       100%        1
 Wereblood                Tmut           3%         N/A       100%        2
 Spider Form              Tmut/Pois      3%         N/A       100%        3
 Tukima's Dance           Hex            3%         N/A       100%        3
 Anguish                  Hex/Necr       4%         N/A       100%        4
 Animate Dead             Necr           7%         N/A       100%        4
 Dispel Undead            Necr           14%        3d10      100%        4
 Enfeeble                 Hex            1%         N/A       100%        7


Dungeon Overview and Level Annotations

Branches:
Dungeon (3/15)

Altars:


Innate Abilities, Weirdness & Mutations

You have very sharp teeth.
Your uncanny sense of smell can sniff out nearby items.
Your experience applies equally to all skills.


Message History

Done exploring.
Done exploring.
Done exploring.
You see here a +0 dagger.
You see here a +0 scale mail.
There is a stone staircase leading down here.
You climb downwards.
The ogre shouts!
Found 10 gold pieces.
There is a stone staircase leading up here.
You barely miss the ogre. You bite the ogre, but do no damage.
The ogre hits you with a +0 giant club.
You hit the ogre.
The ogre is lightly wounded.
You hit the ogre but do no damage.
The ogre is lightly wounded.
The ogre hits you with a +0 giant club!
You hit the ogre.
The ogre is moderately wounded.
You hit the ogre but do no damage.
The ogre is moderately wounded.
The ogre barely misses you.
You hit the ogre but do no damage. You bite the ogre, but do no damage.
The ogre is moderately wounded.
The ogre barely misses you.
You barely miss the ogre.
The ogre is moderately wounded.
You hit the ogre. You bite the ogre, but do no damage.
The ogre is moderately wounded.
The ogre hits you with a +0 giant club.
You hit the ogre.
The ogre is heavily wounded.
The ogre hits you with a +0 giant club!
* * * LOW HITPOINT WARNING * * *
You hit the ogre.
The ogre is severely wounded.
You hit the ogre.
The ogre is severely wounded.
The ogre hits you with a +0 giant club!
You die...

.≈ .# .#
.# .# .#
##.###.##
#<..$....
#@####.##
#O# #.#
#.# #.#
#.# #.#
#.# ∆


You could see an ogre.

Vanquished Creatures
  Robin (D:2)
  3 adders (D:2)
  4 dart slugs
  5 endoplasms
  2 giant cockroaches
  9 goblins
  9 hobgoblins
  2 jackals (D:1)
  A quokka (D:2)
  2 ball pythons
  2 bats
  4 frilled lizards (D:1)
  5 kobolds
  4 rats
53 creatures vanquished.

Notes
Turn   | Place    | Note
-------+----------+-------------------------------------------
     0 | D:1      | bande the Gnoll Wanderer began the quest for the Orb.
     0 | D:1      | bande set off with the following items: a +0 spear, a +0
                  | helmet, a potion of heal wounds, a +0 leather armour; and
                  | the following spell memorised: Animate Skeleton; and the
                  | following spells available to memorise: Animate Dead,
                  | Dispel Undead
     0 | D:1      | Reached XP level 1. HP: 17/17 MP: 4/4
    95 | D:1      | Found a faded altar of an unknown god.
   274 | D:1      | Reached XP level 2. HP: 23/23 MP: 5/5
   737 | D:2      | Reached XP level 3. HP: 13/28 MP: 7/7
  1266 | D:2      | Reached skill level 1 in Invocations
  1618 | D:2      | Reached skill level 1 in Short Blades
  1618 | D:2      | Reached skill level 1 in Long Blades
  1618 | D:2      | Reached skill level 1 in Axes
  1618 | D:2      | Reached skill level 1 in Maces & Flails
  1618 | D:2      | Reached skill level 1 in Staves
  1618 | D:2      | Reached skill level 1 in Slings
  1618 | D:2      | Reached skill level 1 in Bows
  1618 | D:2      | Reached skill level 1 in Crossbows
  1618 | D:2      | Reached skill level 1 in Throwing
  1618 | D:2      | Reached skill level 1 in Armour
  1618 | D:2      | Reached skill level 1 in Dodging
  1618 | D:2      | Reached skill level 1 in Shields
  1618 | D:2      | Reached skill level 1 in Unarmed Combat
  1618 | D:2      | Reached skill level 1 in Evocations
  1660 | D:2      | Reached XP level 4. HP: 34/34 MP: 8/8
  1971 | D:2      | Noticed Robin
  2024 | D:2      | Killed Robin
  2025 | D:2      | Reached skill level 1 in Conjurations
  2025 | D:2      | Reached skill level 1 in Hexes
  2025 | D:2      | Reached skill level 1 in Summonings
  2025 | D:2      | Reached skill level 1 in Translocations
  2025 | D:2      | Reached skill level 1 in Transmutations
  2025 | D:2      | Reached skill level 1 in Fire Magic
  2025 | D:2      | Reached skill level 1 in Ice Magic
  2025 | D:2      | Reached skill level 1 in Air Magic
  2025 | D:2      | Reached skill level 1 in Earth Magic
  2025 | D:2      | Reached skill level 1 in Poison Magic
  2363 | D:3      | Noticed an ogre
  2375 | D:3      | Slain by an ogre

Illustrated notes

Levels and vault maps discovered:
D:1:      eino_arrival_cavern_e, layout_rooms,
          shapermc_ecumenical_altar_pompeii, minmay_pentomino_r2
D:2:      layout_loops_corners, uniq_robin
D:3:      layout_loops_ring, serial_shops, shop, nicolae_shop_crystal,
          nicolae_shop_bloodbath_and_beyond, hex_tiny, serial_bayou_pond_e,
          minmay_ruptured

Skill      XL: |  1  2  3  4 |
---------------+-------------+-----
Stealth        | 6 |  6.1
Invocations    | 1 |  1.3
Short Blades   | 1 |  1.2
Long Blades    | 1 |  1.2
Axes           | 1 |  1.2
Maces & Flails | 1 |  1.2
Staves         | 1 |  1.2
Slings         | 1 |  1.2
Bows           | 1 |  1.2
Crossbows      | 1 |  1.2
Throwing       | 1 |  1.2
Armour         | 1 |  1.2
Dodging        | 1 |  1.2
Shields        | 1 |  1.2
Unarmed Combat | 1 |  1.2
Evocations     | 1 |  1.2
Spellcasting   | 3 |  3.0
Conjurations   | 1 |  1.0
Hexes          | 1 |  1.0
Summonings     | 1 |  1.0
Translocations | 1 |  1.0
Transmutations | 1 |  1.0
Fire Magic     | 1 |  1.0
Ice Magic      | 1 |  1.0
Air Magic      | 1 |  1.0
Earth Magic    | 1 |  1.0
Poison Magic   | 1 |  1.0
Fighting       | |  2.8
Polearms       | |  2.8
Necromancy     | |  7.1

Action                   |  1- 3 |  4- 6 || total
-------------------------+-------+-------++-------
Melee: Spear             |   122 |    96 ||   218
       Bite              |     9 |     9 ||    18
       Punch             |     1 |     1 ||     2
  Use: Scroll            |     3 |       ||     3
       Potion            |       |     2 ||     2
 Stab: Sleeping          |    11 |       ||    11
Armor: Leather armour    |    12 |       ||    12
       Chain mail        |    37 |    89 ||   126
Dodge: Dodged            |    26 |    45 ||    71

Table legend: (Time is in decaauts)
 A = Elapsed time spent in this place.
 B = Non-inter-level travel time spent in this place.
 C = Inter-level travel time spent in this place.
 D = Time resting spent in this place.
 E = Time spent auto-exploring this place.
 F = Levels seen in this place.
 G = Mean time per level.
                   A        B        C        D        E       F      G
               +--------+--------+--------+--------+--------+-----+--------+
         Total |   2367 |   2335 |     32 |    360 |   1523 |   3 |  789.0 |
       Dungeon |   2367 |   2335 |     32 |    360 |   1523 |   3 |  789.0 |
               +--------+--------+--------+--------+--------+-----+--------+

Top non-repeatable levels by time:
     D:2: 1643 daAuts
     D:1: 712 daAuts
     D:3: 11 daAuts
